 Dungeon Crawl Stone Soup version 0.25-a0-294-gea9b1ad378 (webtiles) character file.

Game seed: 1208242925408031345, levelgen mode: deterministic

2898 MoonlitKnight the Cleaver (level 9, -7/79 HPs)
             Began as a Hill Orc Abyssal Knight on Dec 16, 2019.
             Was an Elder of Lugonu.
             Mangled by a killer bee (8 damage)
             ... on level 7 of the Dungeon.
             The game lasted 00:16:56 (6821 turns).

MoonlitKnight the Cleaver (Hill Orc Abyssal Knight) Turns: 6821, Time: 00:16:57

Health: -7/79      AC: 11    Str: 18    XL:     9   Next: 77%
Magic:  14/14      EV: 11    Int: 12    God:    Lugonu [****..]
Gold:   224        SH:  9    Dex: 10    Spells: 8/8 levels left

rFire    + . .     SeeInvis .   n - +1 whip (elec)
rCold    . . .     Gourm    .   j - +0 shield
rNeg     . . .     Faith    .   B - +2 scale mail {rF+}
rPois    .         Spirit   .   (no helmet)
rElec    .         Reflect  .   y - +0 cloak
rCorr    .         Harm     .   (no gloves)
MR       .....                  (no boots)
Stlth    ..........             (no amulet)
HPRegen  0.23/turn              (no ring)
MPRegen  0.14/turn              p - +3 ring of evasion

@: lethally poisoned (-7 -> -12)
A: no striking features
a: Depart the Abyss, Bend Space, Banish, Corrupt, Renounce Religion


You were on level 7 of the Dungeon.
You worshipped Lugonu.
Lugonu was greatly pleased with you.
You were not hungry.

You visited 1 branch of the dungeon, and saw 7 of its levels.
You visited the Abyss 1 time.

You collected 224 gold pieces.

Inventory:

Hand Weapons
 a - a +1 hand axe
 n - a +1 whip of electrocution (weapon)
Missiles
 d - 93 sling bullets
 u - 16 poisoned darts (quivered)
Armour
 j - a +0 shield (worn)
 y - a +0 cloak (worn)
 B - a +2 scale mail of fire resistance (worn)
Jewellery
 b - an uncursed amulet of magic regeneration
 f - an uncursed ring of flight
 p - a +3 ring of evasion (right hand)
 z - an uncursed amulet of guardian spirit
Scrolls
 e - 2 scrolls of remove curse
 g - 9 scrolls of identify
 h - 3 scrolls of teleportation
 i - a scroll of fear {unknown}
 k - a scroll of fog
 l - a scroll of amnesia {unknown}
 o - a scroll of enchant weapon {unknown}
 w - 3 scrolls of blinking
Potions
 m - 2 potions of degeneration {unknown}
 q - 2 potions of mutation {unknown}
 r - 3 potions of curing {unknown}
 s - a potion of cancellation {unknown}
 t - a potion of magic {unknown}
 v - a potion of agility {unknown}
 x - 2 potions of lignification {unknown}
 A - a potion of resistance {unknown}
Comestibles
 c - 9 rations


   Skills:
 + Level 7.4 Fighting
 * Level 10.4 Axes
 + Level 6.3 Armour
 - Level 0.7 Dodging
 + Level 5.5 Shields
 + Level 7.2 Invocations


You had 8 spell levels left.
You didn't know any spells.
Your spell library contained the following spells:

 Spells                   Type           Power        Failure   Level  Hunger
 Animate Skeleton         Necr           N/A          97%         1    ##.....
 Apportation              Tloc           #.....       97%         1    ##.....
 Confusing Touch          Hex            #.....       97%         1    ##.....
 Summon Small Mammal      Summ           #...         97%         1    ##.....


Dungeon Overview and Level Annotations

Branches:
Dungeon (7/15)
 Temple: D:4-7

Altars:
Cheibriados
Fedhas
Gozag
Hepliaklqana
Kikubaaqudgha
Okawaru
Sif Muna
Uskayaw
Wu Jian
Xom
The Shining One

Shops:
D:5 =([

Annotations:
D:6 1 runed translucent door, Crazy Yiuf


Message History

The killer bee stings you but does no damage.
You hit the killer bee but do no damage.
Lightning courses through the killer bee!
You kill the killer bee!
Lugonu accepts your kill. The killer bee stings you.
* * * LOW HITPOINT WARNING * * *
You are more poisoned.
The killer bee poisons you! The killer bee barely misses you.
The killer bee closely misses you.
You miss the killer bee.
You feel sick. The killer bee stings you!
* * * LOW HITPOINT WARNING * * *
The killer bee barely misses you. The killer bee closely misses you.
You block the killer bee's attack.
You closely miss the killer bee.
* * * LOW HITPOINT WARNING * * *
You feel sick. The killer bee stings you.
* * * LOW HITPOINT WARNING * * *
The killer bee stings you!
You die...

# #### .#
..# ..#
... ...#
#.##....#
+yy......
#@# #.#
#<# ###


You could see 2 killer bees.

Vanquished Creatures
  Prince Ribbit (D:6)
  Edmund (D:6)
  Duvessa (D:6)
  An orc warrior (D:6)
  2 ice beasts
  A black bear (D:6)
  A centaur (D:5)
  4 bullfrogs (D:6)
  2 water moccasin zombies (D:5)
  A wyvern zombie (D:6)
  Dowan (D:6)
  A killer bee (D:7)
  2 vampire bats (D:5)
  3 centaur zombies (D:6)
  3 bullfrog zombies (D:6)
  A crimson imp (D:4)
  A quasit (D:6)
  8 hounds
  2 jellies
  An orc priest (D:6)
  A bullfrog skeleton (D:5)
  3 iguanas (D:5)
  4 orc wizards
  3 centaur skeletons
  5 worker ants
  2 killer bee zombies
  A hound zombie (D:6)
  A hound skeleton (D:6)
  A worker ant zombie (D:6)
  A gnoll (D:3)
  12 adders
  2 shadow imps (D:6)
  2 worms
  An adder skeleton (D:5)
  4 dart slugs
  5 leopard geckos
  17 orcs
  3 bat skeletons (D:5)
  4 bat zombies (D:5)
  2 giant cockroaches
  5 goblins
  6 hobgoblins
  16 jackals
  2 quokkas
  A ball python (D:6)
  6 bats
  4 frilled lizards
  A giant cockroach zombie (D:6)
  A jackal skeleton (D:6)
  A jackal zombie (D:6)
  8 kobolds
  A leopard gecko zombie (D:6)
  2 quokka skeletons (D:6)
  7 rats
173 creatures vanquished.

Vanquished Creatures (others)
  2 ogres
2 creatures vanquished.

Grand Total: 175 creatures vanquished

Notes
Turn   | Place    | Note
-------+----------+-------------------------------------------
     0 | Abyss:1  | MoonlitKnight the Hill Orc Abyssal Knight began the quest
                  | for the Orb.
     0 | Abyss:1  | Reached XP level 1. HP: 19/19 MP: 2/2
    26 | Abyss:1  | Found a corrupted altar of Lugonu.
    76 | Abyss:1  | Found a corrupted altar of Lugonu.
    97 | D:1      | Escaped the Abyss
   159 | D:1      | Reached skill level 3 in Axes
   392 | D:1      | Reached XP level 2. HP: 23/27 MP: 3/3
   602 | D:1      | Reached XP level 3. HP: 11/33 MP: 4/4
   755 | D:1      | Reached ** piety under Lugonu
   920 | D:2      | Found an ornate altar of the Wu Jian Council.
  1014 | D:2      | Reached skill level 4 in Axes
  1235 | D:2      | Found an opulent altar of Gozag.
  1509 | D:2      | HP: 1/33 [giant cockroach (2)]
  1847 | D:2      | Found a blossoming altar of Fedhas.
  1970 | D:2      | Reached XP level 4. HP: 37/40 MP: 4/6
  2208 | D:3      | Reached skill level 1 in Shields
  2328 | D:3      | Reached XP level 5. HP: 44/47 MP: 7/7
  2334 | D:3      | Reached skill level 5 in Axes
  2395 | D:3      | Reached *** piety under Lugonu
  2540 | D:3      | Reached XP level 6. HP: 28/53 MP: 8/8
  2910 | D:3      | Found a shimmering blue altar of Sif Muna.
  3153 | D:4      | Reached skill level 5 in Fighting
  3153 | D:4      | Reached skill level 6 in Axes
  3328 | D:4      | Reached XP level 7. HP: 59/61 MP: 8/10
  3347 | D:4      | Found an iron altar of Okawaru.
  3620 | D:4      | Found a glowing golden altar of the Shining One.
  4040 | D:5      | Entered Level 5 of the Dungeon
  4100 | D:5      | Found an ancient bone altar of Kikubaaqudgha.
  4206 | D:5      | Reached skill level 7 in Axes
  4416 | D:5      | Reached skill level 5 in Invocations
  4416 | D:5      | Reached XP level 8. HP: 67/70 MP: 11/11
  4424 | D:5      | Found Adilyuj's Jewellery Shop.
  4474 | D:5      | Reached **** piety under Lugonu
  4734 | D:5      | Reached skill level 8 in Axes
  4788 | D:5      | Reached skill level 5 in Armour
  5187 | D:5      | Found Huadat's Antique Weapon Boutique.
  5254 | D:5      | Found Cizarha's Armour Emporium.
  5315 | D:5      | Found a hide-covered altar of Uskayaw.
  5519 | D:6      | Noticed Prince Ribbit
  5736 | D:6      | Reached skill level 9 in Axes
  5759 | D:6      | Reached XP level 9. HP: 65/78 MP: 13/13
  5868 | D:6      | Found a sacrificial altar of Ru.
  5870 | D:6      | Found a hazy altar of Hepliaklqana.
  5870 | D:6      | Found a shimmering altar of Xom.
  5872 | D:6      | Found a hazy altar of Hepliaklqana.
  5872 | D:6      | Found a snail-covered altar of Cheibriados.
  5872 | D:6      | Found an ancient bone altar of Kikubaaqudgha.
  5885 | D:6      | Killed Prince Ribbit
  6242 | D:6      | Reached skill level 5 in Shields
  6364 | D:6      | Found a shimmering altar of Xom.
  6388 | D:6      | Noticed Edmund
  6389 | D:6      | Noticed Duvessa
  6394 | D:6      | Noticed Dowan
  6416 | D:6      | Killed Edmund
  6416 | D:6      | Reached skill level 10 in Axes
  6424 | D:6      | Killed Dowan
  6456 | D:6      | Killed Duvessa
  6769 | D:6      | Found a runed translucent door.
  6770 | D:6      | Noticed Crazy Yiuf
  6821 | D:7      | HP: 1/79 [killer bee (5)]
  6821 | D:7      | Mangled by a killer bee

Levels and vault maps discovered:
D:1:      minmay_arrival_doors, layout_basic
D:2:      layout_basic, lemuel_doored_altar, old_standard_altar,
          nicolae_overflow_crystal_walls
D:3:      layout_rooms, tgw_sif, cheibrodos_gnoll_hut
D:4:      layout_cave_pods, lemuel_crystal_altar, okawaru_gym_becter
D:5:      layout_loops_cross, kennysheep_vampire_church,
          nicolae_overflow_hidden_temple, serial_shops, shop_fountains, shop,
          shop, first_ration
D:6:      layout_loops_ring, doesnt_xom_only_xom, serial_undead,
          serial_undead_d, serial_undead_a, serial_undead_b, serial_undead_a,
          serial_undead_b, serial_undead_f, basic_altar,
          minmay_misc_feat_square, minmay_between, uniq_crazy_yiuf_cottage,
          uniq_prince_ribbit1, uniq_edmund, uniq_duvessa
D:7:      layout_basic, temple_doors_e, serial_park_tiny_1, grunt_ogre_cave

Skill      XL: |  1  2  3  4  5  6  7  8  9 |
---------------+----------------------------+-----
Axes           | 3 4 5 6 7 9 10 | 10.4
Fighting       | 4 5 6 7 |  7.4
Armour         | 3 4 5 6 |  6.3
Shields        | 1 2 3 4 5 |  5.5
Invocations    | 3 4 5 6 7 |  7.2
Dodging        | |  0.7

Action                   |  1- 3 |  4- 6 |  7- 9 || total
-------------------------+-------+-------+-------++-------
Melee: Hand axe          |   139 |       |       ||   139
       Whip              |    15 |   161 |   609 ||   785
Invok: Banish            |       |       |     2 ||     2
  Use: Scroll            |       |     7 |       ||     7
  Eat: Chunk             |     3 |     5 |    13 ||    21
Armor: Leather armour    |    14 |       |       ||    14
       Chain mail        |   123 |    94 |       ||   217
       Plate armour      |       |     7 |   299 ||   306
       Scale mail        |       |       |    37 ||    37
Dodge: Dodged            |    81 |    41 |   186 ||   308
Block: Shield            |    26 |    64 |   315 ||   405

Table legend:
 A = Non-vault XP
 B = Vault XP
 C = Vault XP percentage of total XP
 D = Non-vault monster count
 E = Vault monster count
 F = Vault count percentage of total count
                 A         B        C        D         E       F
            +---------+---------+-------+---------+---------+-------
      Total |    2764 |    1377 |  33.3 |     140 |      35 |  20.0
            +---------+---------+-------+---------+---------+-------
        D:1 |      37 |       0 |   0.0 |      21 |       0 |   0.0
        D:2 |      84 |       0 |   0.0 |      21 |       0 |   0.0
        D:3 |     285 |      99 |  25.8 |      36 |       3 |   7.7
        D:4 |     285 |       0 |   0.0 |      11 |       0 |   0.0
        D:5 |    1039 |     128 |  11.0 |      25 |       9 |  26.5
        D:6 |     970 |    1150 |  54.2 |      24 |      23 |  48.9
        D:7 |      64 |       0 |   0.0 |       2 |       0 |   0.0
            +---------+---------+-------+---------+---------+-------
